 Dungeon Crawl Stone Soup version 0.29-a0-993-g4a18f31a58 (webtiles) character file.

Game seed: 4556359056561061382

486 jlumianski the Covered (level 6, 0/55 HPs)
             Began as a Minotaur Fighter on Aug 2, 2022.
             Slain by Duvessa
             ... wielding a +2 vampiric rapier
              (2 damage)
             ... on level 4 of the Dungeon.
             The game lasted 00:10:56 (2802 turns).

jlumianski the Covered (Minotaur Fighter)           Turns: 2802, Time: 00:10:57

Health: 0/55       AC: 14    Str: 22    XL:     6   Next: 89%
Magic:  5/5        EV:  8    Int:  5    God:
Gold:   160        SH:  5    Dex: 13    Spells: 5/5 levels left

rFire   . . .      SeeInvis .   A - +4 hand axe
rCold   . . .      Faith    .   c - +0 buckler
rNeg    . . .      Spirit   .   s - +0 chain mail
rPois   .          Reflect  .   (helmet restricted)
rElec   .          Harm     .   B - +0 cloak
rCorr   .          Rampage  .   o - +1 pair of gloves {Dex+3}
Will    .....                   f - +0 pair of boots
Stlth   ..........              (no amulet)
HPRegen 0.18/turn               (no ring)
MPRegen 0.09/turn               (no ring)

@: no status effects
A: horns 2, retaliatory headbutt
a: no special abilities


You were on level 4 of the Dungeon.
You visited 1 branch of the dungeon, and saw 4 of its levels.

You collected 160 gold pieces.

Inventory:

Hand Weapons
 a - a +0 war axe
 A - a +4 hand axe (weapon)
Missiles
 e - 4 poisoned darts (quivered)
 u - a boomerang
Armour
 b - a +0 scale mail
 c - a +0 buckler (worn)
 f - a +0 pair of boots (worn)
 o - a +1 pair of gloves of dexterity (worn)
 s - a +0 chain mail (worn)
 B - a +0 cloak (worn)
Wands
 m - a wand of flame (15)
 C - a wand of paralysis (1)
Scrolls
 g - a scroll of magic mapping {unknown}
 i - a scroll of poison
 j - 2 scrolls of fog {unknown}
 r - a scroll of blinking {unknown}
 v - a scroll of fear {unknown}
 w - a scroll of brand weapon {unknown}
 y - a scroll of identify {unknown}
 z - a scroll of noise {unknown}
Potions
 d - a potion of might
 h - a potion of magic
 l - a potion of heal wounds {unknown}
 n - a potion of mutation {unknown}
 p - a potion of flight {unknown}
 q - a potion of lignification {unknown}
 t - a potion of berserk rage {unknown}
 x - a potion of invisibility {unknown}


   Skills:
 + Level 4.9 Fighting
 + Level 5.4 Axes
 + Level 5.7 Armour
 + Level 2.1 Dodging
 + Level 0.1 Stealth
 + Level 5.0 Shields


You had 5 spell levels left.
You didn't know any spells.
Your spell library was empty.

Dungeon Overview and Level Annotations

Branches:
Dungeon (4/15)
 Temple: D:4-7

Altars:
Trog
Xom

Shops:
D:1 :

Annotations:
D:4 Duvessa, Ijyb


Innate Abilities, Weirdness & Mutations

You have a pair of horns on your head.
You reflexively headbutt those who attack you in melee.


Message History

Duvessa hits you with a +2 vampiric rapier.
You hit Duvessa but do no damage.
Duvessa hits you with a +2 vampiric rapier.
You closely miss Duvessa. Duvessa closely misses you. You furiously retaliate!
You headbutt Duvessa.
Duvessa hits you with a +2 vampiric rapier!
Duvessa draws strength from your wounds!
You hit Duvessa.
Duvessa is lightly wounded.
Duvessa hits you with a +2 vampiric rapier.
Duvessa hits you with a +2 vampiric rapier!
* * * LOW HITPOINT WARNING * * *
You slash Duvessa! You headbutt Duvessa!
Duvessa is moderately wounded.
Duvessa barely misses you.
You feel better.
Duvessa hits you with a +2 vampiric rapier.
Duvessa draws strength from your wounds!
Duvessa barely misses you.
You hit Duvessa. You headbutt Duvessa!
Duvessa is heavily wounded.
Duvessa hits you with a +2 vampiric rapier.
* * * LOW HITPOINT WARNING * * *
The air fills with toxic fumes!
As you read the scroll labelled JISINOKILE, it crumbles to dust.
It was a scroll of poison.
You block Duvessa's attack. Duvessa hits you but does no damage.
You hit Duvessa but do no damage. You headbutt Duvessa.
Duvessa is severely wounded.
You block Duvessa's attack.
Duvessa hits you with a +2 vampiric rapier!
* * * LOW HITPOINT WARNING * * *
Duvessa draws strength from your wounds!
You hit Duvessa.
Duvessa is severely wounded.
Duvessa completely misses you. You furiously retaliate!
You headbutt Duvessa! You hit Duvessa but do no damage. You headbutt Duvessa!
Duvessa is almost dead.
Duvessa hits you with a +2 vampiric rapier.
You die...

####'###..e.......#
#.# ########.###...
#.#### #<#§§....#
#....# #.#§#.##.#
####.###.#§#.# #
#.....#§#.# #+#
#######§#.# #.#
#e#.. #.# #@### #.#
#§§§# #.#
###§#####.#
#§§§....# #########


You could see Duvessa (berserk).

Vanquished Creatures
  Sigmund (D:2)
  A scorpion (D:2)
  Dowan (D:4)
  A hound (D:3)
  An iguana (D:3)
  Natasha (D:3)
  4 gnolls (D:1)
  3 adders
  A worm (D:2)
  2 dart slugs
  3 orcs (D:3)
  8 ball pythons
  6 bats
  7 endoplasms
  2 giant cockroaches
  3 goblins
  9 hobgoblins
  A jackal (D:3)
  4 quokkas
  4 frilled lizards
  6 kobolds
  10 rats
79 creatures vanquished.

Vanquished Creatures (others)
  2 plants (D:3)
2 creatures vanquished.

Grand Total: 81 creatures vanquished

Notes
Turn   | Place    | Note
-------+----------+-------------------------------------------
     0 | D:1      | jlumianski the Minotaur Fighter began the quest for the
                  | Orb.
     0 | D:1      | Reached XP level 1. HP: 19/19 MP: 0/0
    80 | D:1      | Reached XP level 2. HP: 24/27 MP: 1/1
   528 | D:1      | Found Tisomuq's Vocational Training.
   540 | D:1      | Reached XP level 3. HP: 31/33 MP: 2/2
   841 | D:2      | Found a faded altar of an unknown god.
   882 | D:2      | Noticed Sigmund
   889 | D:2      | Killed Sigmund
   890 | D:2      | Reached XP level 4. HP: 8/41 MP: 3/3
   890 | D:2      | Reached XP level 5. HP: 10/47 MP: 4/4
  1203 | D:2      | Reached skill level 5 in Armour
  1464 | D:2      | Reached skill level 1 in Dodging
  1464 | D:2      | Reached XP level 6. HP: 53/53 MP: 5/5
  2081 | D:3      | Found a shimmering altar of Xom.
  2092 | D:3      | Reached skill level 5 in Axes
  2368 | D:4      | Noticed Ijyb
  2472 | D:3      | Found a bloodstained altar of Trog.
  2529 | D:3      | Noticed Natasha
  2532 | D:3      | Killed Natasha
  2661 | D:4      | Noticed Dowan
  2702 | D:4      | Killed Dowan
  2703 | D:4      | Reached skill level 5 in Shields
  2789 | D:4      | Noticed Duvessa
  2800 | D:4      | HP: 2/55 [Duvessa/+2 vampiric rapier (10)]
  2802 | D:4      | Slain by Duvessa

Illustrated notes

Levels and vault maps discovered:
D:1:      dpeg_arrival_tiny_d, layout_basic, nicolae_shop_vocational
D:2:      minmay_chambers_of_twos, layout_loops_ring,
          ebering_ecumenical_altar_box, minmay_misc_feat_four_crosses,
          minmay_misc_feat_encased, uniq_sigmund
D:3:      layout_loops_ring, xom_confusion_cloud, trog_butcher_becter,
          chequers_big_river, uniq_natasha
D:4:      layout_basic, uniq_ijyb, uniq_duvessa

Skill      XL: |  1  2  3  4  5  6 |
---------------+-------------------+-----
Armour         | 4 5 |  5.7
Fighting       | 4 |  4.9
Shields        | 4 5 |  5.0
Axes           | 4 5 |  5.4
Dodging        | 1 2 |  2.1
Stealth        | |  0.1

Action                   |  1- 3 |  4- 6 || total
-------------------------+-------+-------++-------
Melee: War axe           |    61 |    79 ||   140
       Headbutt          |    10 |    26 ||    36
       Hand axe          |       |    27 ||    27
Throw: Dart              |       |     1 ||     1
  Use: Potion            |     3 |     1 ||     4
       Scroll            |       |     1 ||     1
Armor: Scale mail        |    30 |    17 ||    47
       Chain mail        |       |    33 ||    33
Dodge: Dodged            |    24 |    45 ||    69
Block: Buckler           |    18 |    28 ||    46

Table legend: (Time is in decaauts)
 A = Elapsed time spent in this place.
 B = Non-inter-level travel time spent in this place.
 C = Inter-level travel time spent in this place.
 D = Time resting spent in this place.
 E = Time spent auto-exploring this place.
 F = Levels seen in this place.
 G = Mean time per level.
                   A        B        C        D        E       F      G
               +--------+--------+--------+--------+--------+-----+--------+
         Total |   2858 |   2825 |     33 |    189 |   1648 |   4 |  714.5 |
       Dungeon |   2858 |   2825 |     33 |    189 |   1648 |   4 |  714.5 |
               +--------+--------+--------+--------+--------+-----+--------+

Top non-repeatable levels by time:
     D:2: 1275 daAuts
     D:1: 840 daAuts
     D:3: 565 daAuts
     D:4: 176 daAuts
